 Dungeon Crawl Stone Soup version 0.22-a0-480-g991dd4b2b4 (webtiles) character file.

180 Oravi the Conjurer (level 5, -2/38 HPs)
             Began as a Draconian Conjurer on June 15, 2018.
             Slain by an orc wizard
             ... wielding a +0 dagger
              (3 damage)
             ... on level 4 of the Dungeon.
             The game lasted 00:12:45 (4127 turns).

Oravi the Conjurer (Draconian Conjurer)             Turns: 4127, Time: 00:12:45

Health: -2/38      AC:  6    Str: 10    XL:     5   Next: 33%
Magic:  7/10       EV: 12    Int: 16    God:
Gold:   93         SH:  0    Dex: 12    Spells: 5/11 levels left

rFire    . . .     SeeInvis .   a - +3 dagger
rCold    . . .     Gourm    .   (no shield)
rNeg     . . .     Faith    .   (armour unavailable)
rPois    .         Spirit   .   (helmet restricted)
rElec    .         Reflect  .   (no cloak)
rCorr    .         Harm     .   g - +0 pair of gloves
MR       .....                  (no boots)
Stlth    ++........             (no amulet)
HPRegen  0.12/turn              k - ring of flight
MPRegen  0.12/turn              (no ring)

@: no status effects
A: unfitting armour, cold-blooded, AC +5
a: Evoke Flight


You were on level 4 of the Dungeon.
You were hungry.

You visited 1 branch of the dungeon, and saw 4 of its levels.

You collected 93 gold pieces.

Inventory:

Hand Weapons
 a - a +3 dagger (weapon)
Missiles
 c - 89 stones (quivered)
Armour
 g - a +0 pair of gloves (worn)
Magical Staves
 l - an uncursed staff of earth
Jewellery
 k - a ring of flight (left hand)
Scrolls
 e - 2 scrolls of magic mapping {unknown}
 f - 3 scrolls of identify {unknown}
 h - 3 scrolls of enchant armour {unknown}
 n - a scroll of blinking {unknown}
Potions
 j - a potion of haste {unknown}
 m - 2 potions of curing {unknown}
Comestibles
 b - 5 rations


   Skills:
 - Level 1.7 Dodging
 - Level 1.7 Stealth
 + Level 3.9 Spellcasting
 + Level 5.5 Conjurations


You had 5 spell levels left.
You knew the following spells:

 Your Spells              Type           Power        Failure   Level  Hunger
a - Magic Dart            Conj           ###.         1%          1    None
b - Searing Ray           Conj           ###...       2%          2    ##.....
c - Dazzling Spray        Conj/Hex       ##....       17%         3    ###....

Your spell library contained the following spells:

 Spells                   Type           Power        Failure   Level  Hunger
 Iskenderun's Mystic Bla  Conj           ###.....     19%         4    ####...
 Fulminant Prism          Conj/Hex       ##........   50%         4    ####...
 Force Lance              Conj/Tloc      ##......     50%         4    ####...


Dungeon Overview and Level Annotations

Branches:
Dungeon (4/15)
 Temple: D:4-7

Altars:
Elyvilon

Annotations:
D:3 levstk's ghost, amateur GrFi


Innate Abilities, Weirdness & Mutations

Your plain brown scales are hard. (AC +5)
You cannot fit into any form of body armour.
You are cold-blooded and may be slowed by cold attacks.


Message History

The puff of flame hits you!
* * * LOW HITPOINT WARNING * * *
The centaur skeleton misses you.
It was a potion of invisibility.
You fade into invisibility!
The centaur skeleton barely misses you.
You hear some strange, mumbled words.
A puff of flame appears from out of thin air!
The puff of flame hits you!
* * * LOW HITPOINT WARNING * * *
You are very lightly contaminated with residual magic.
It was a potion of cancellation.
Your magical effects are unravelling.
You feel magically purged.
Your magical contamination has completely faded away.
You flicker back into view.
An orc wizard appears from thin air!
Reactivating autopickup.
The centaur skeleton barely misses you. The orc wizard hits you with a dagger.
You die...

#.... ..#. ...
..#.....# #..
##.#.....#
#..####........#
#....##........#
#.#...........
##.#@.# #...#
#...Zo####...##
##.#........$.#
#.###.###.........
#. #.............
#. #..........#..
.. #.......Z..# .
.# #............ .
#.............


You could see an orc wizard and a centaur skeleton.

Vanquished Creatures
  An orc wizard (D:3)
  3 gnolls (D:3)
  3 adders (D:3)
  2 oozes (D:3)
  5 worms
  3 dart slugs
  2 leopard geckos
  5 giant cockroaches
  7 goblins
  8 hobgoblins
  4 jackals (D:1)
  2 quokkas
  2 ball pythons
  4 bats
  A frilled lizard (D:2)
  A giant cockroach zombie (D:3)
  7 kobolds
  8 rats
68 creatures vanquished.

Notes
Turn   | Place    | Note
-------+----------+-------------------------------------------
     0 | D:1      | Oravi the Draconian Conjurer began the quest for the Orb.
     0 | D:1      | Reached XP level 1. HP: 14/14 MP: 3/3
   265 | D:1      | Reached XP level 2. HP: 20/20 MP: 0/5
   850 | D:1      | Reached XP level 3. HP: 26/26 MP: 0/7
   854 | D:1      | Learned a level 2 spell: Searing Ray
   858 | D:1      | Learned a level 3 spell: Dazzling Spray
  2560 | D:3      | Reached XP level 4. HP: 29/33 MP: 4/8
  2602 | D:3      | Noticed levstk's ghost (amateur GrFi)
  2726 | D:3      | Reached skill level 5 in Conjurations
  3366 | D:3      | Reached XP level 5. HP: 38/38 MP: 1/10
  3961 | D:3      | Found a white marble altar of Elyvilon.
  4126 | D:4      | HP: 1/38 [something/puff of flame (8)]
  4127 | D:4      | Slain by an orc wizard

Vault maps used:
D:1:      evilmike_arrival_rings
D:2:      hangedman_feature_mirror, minmay_misc_feat_tiny
D:3:      elyvilon_altar_3
D:4:      eat_drink_and_be_merry_uskayaw, kennysheep_little_box,
          minmay_temple_entry_trees, first_ration

Skill      XL: |  1  2  3  4 |
---------------+-------------+-----
Spellcasting   | 3 |  3.9
Conjurations   | 5 |  5.5
Dodging        | |  1.7
Stealth        | |  1.7

Action                   |  1- 3 |  4- 6 || total
-------------------------+-------+-------++-------
Melee: Unarmed           |    46 |       ||    46
       Tailslap          |     5 |       ||     5
       Dagger            |       |     8 ||     8
Throw: Stone             |       |     1 ||     1
 Cast: Magic Dart        |    67 |    34 ||   101
       Searing Ray       |    13 |    15 ||    28
  Use: Potion            |       |     2 ||     2
  Eat: Chunk             |     6 |     5 ||    11
Armor: Skin              |    14 |    11 ||    25
Dodge: Dodged            |    36 |    24 ||    60

Table legend:
 A = Spawn XP
 B = Non-spawn XP
 C = Spawn XP percentage of total XP
 D = Spawn monster count
 E = Non-spawn monster count
 F = Spawn count percentage of total count
 G = Total turns spent on level
                    A         B        C        D         E        F      G
               +---------+---------+-------+---------+---------+-------+---------
         Total |       0 |     258 |   0.0 |       0 |      68 |   0.0 |  4127
               +---------+---------+-------+---------+---------+-------+---------
           D:1 |       0 |      52 |   0.0 |       0 |      30 |   0.0 |  1279
           D:2 |       0 |      24 |   0.0 |       0 |      12 |   0.0 |  1143
           D:3 |       0 |     182 |   0.0 |       0 |      26 |   0.0 |  1671
               +---------+---------+-------+---------+---------+-------+---------
